 Dungeon Crawl Stone Soup version 0.27.1-34-g3ba077fa99 (webtiles) character file.

Game seed: 5098188681236091913

1326 boopmooplesden the Cruncher (level 8, -1/100 HPs)
             Began as a Minotaur Gladiator on Jan 7, 2022.
             Was an Elder of Jiyva.
             Slain by a kobold brigand (5 damage)
             ... on level 6 of the Dungeon.
             The game lasted 00:06:59 (5403 turns).

boopmooplesden the Cruncher (Minotaur Gladiator)    Turns: 5403, Time: 00:07:00

Health: -1/100     AC: 24    Str: 16    XL:     8   Next: 34%
Magic:  7/7        EV:  2    Int:  9    God:    Jiyva [****..]
Gold:   152        SH:  0    Dex: 13    Spells: 7/7 levels left

rFire    . . .     SeeInvis .   a - +2 quarterstaff
rCold    . . .     Faith    .   (shield currently unavailable)
rNeg     + + +     Spirit   .   (armour currently unavailable)
rPois    +         Reflect  .   (helmet currently unavailable)
rElec    .         Harm     .   (cloak currently unavailable)
rCorr    +         Rampage  .   (gloves currently unavailable)
Will     .....     NoTele   +   (boots currently unavailable)
Stlth    ++........             (no amulet)
HPRegen  0.26/turn              (no ring)
MPRegen  0.10/turn              (no ring)

@: tree-form, invisible
A: stationary, stasis, torment immunity, boosted hp, (horns 2), (retaliatory
headbutt), (talons 1), (poison resistance)
a: Renounce Religion, Request Jelly, Slimify


You were on level 6 of the Dungeon.
You worshipped Jiyva.
Jiyva was greatly pleased with you.
You were a tree.
You visited 1 branch of the dungeon, and saw 6 of its levels.
You also visited: Sewer.

You collected 152 gold pieces.

Inventory:

Hand Weapons
 a - a +2 quarterstaff (weapon)
Missiles
 d - a throwing net (quivered)
Armour
 b - a +0 leather armour (melded)
 c - a +0 hat (melded)
Jewellery
 f - a ring of wizardry
 h - an amulet of magic regeneration
 i - an amulet of the acrobat
Scrolls
 l - a scroll of identify
Potions
 e - a potion of mutation
 g - a potion of cancellation
 k - a potion of lignification


   Skills:
 + Level 4.9 Fighting
 + Level 9.0 Staves
 + Level 2.2 Throwing
 + Level 4.6 Armour
 + Level 5.2 Dodging
 + Level 2.6 Stealth


You had 7 spell levels left.
You didn't know any spells.
Your spell library was empty.

Dungeon Overview and Level Annotations

Branches:
Dungeon (6/15)             Temple (0/1) D:6           Sewer (visited)

Altars:
Elyvilon
Hepliaklqana
Nemelex Xobeh
Yredelemnul
Jiyva

Annotations:
D:3 1 runed translucent door


Innate Abilities, Weirdness & Mutations

You are a tree.
Your roots penetrate the ground, keeping you stationary.
You cannot be teleported.
You are immune to unholy pain and torment.
Your maximum health is greatly increased.
Your equipment is partially melded.
((You have a pair of horns on your head.))
((You reflexively headbutt those who attack you in melee.))
((You have sharp toenails.))
((Your system is resistant to poisons. (rPois)))


Message History

You sock the kobold demonologist!
You kill the kobold demonologist!
The chaos spawn degenerates into a cloud of primal chaos!
You have reached level 8!
You feel agile.
You cannot move.
You closely miss the kobold brigand.
The kobold brigand hits you but does no damage.
You sock the kobold brigand!
The kobold brigand is moderately wounded.
You hear a distant slurping noise.
You hit the kobold brigand.
The kobold brigand is heavily wounded.
The kobold brigand completely misses you.
You sock the kobold brigand!
The kobold brigand is severely wounded.
The kobold brigand hits you but does no damage.
You hit the kobold brigand.
The kobold brigand is almost dead.
The kobold brigand hits you with a +0 dagger.
* * * LOW HITPOINT WARNING * * *
You sock the kobold brigand!
You kill the kobold brigand!
Your Staves skill increases to level 9!
You sock the kobold brigand!
The kobold brigand is moderately wounded.
You hit the kobold brigand but do no damage.
The kobold brigand is moderately wounded.
The kobold brigand hits you but does no damage.
Space warps horribly around you.
* * * LOW HITPOINT WARNING * * *
You hit the kobold brigand.
The kobold brigand is heavily wounded.
The kobold brigand hits you with a +2 short sword of distortion.
* * * LOW HITPOINT WARNING * * *
It was a potion of invisibility.
You fade into invisibility!
The kobold brigand hits you but does no damage.
Space bends around you.
You die...

##)/ # .. ##.....##
.. #.#...#.# .#
#⌠.#.#K⌠# ##.##
#.#..K#.# #J..#
.##..K..### #...#
..##'''##K#####...#
.........KKKK♣J..<#
..$.#.########....#
. # #....# #....###
#.#....# #.#....#
#.#....# #.#.J..#
#.#....#


You could see 5 kobold brigands and 2 neutral jellies (fellow slime).

Vanquished Creatures
  A kobold demonologist (D:6)
  Sigmund (D:2)
  Edmund (D:5)
  An ogre (D:5)
  4 phantoms
  3 kobold brigands (D:6)
  A hound (D:5)
  Natasha (D:4)
  An orc wizard (D:5)
  3 adders
  3 river rats (Sewer)
  A shadow imp (D:6)
  A white imp (D:6)
  An adder zombie (D:3)
  A worm (D:3)
  The ghost of tanglemaster the Sneak, a weakling TeDe (D:6)
  3 dart slugs
  17 orcs
  4 endoplasms (D:1)
  3 giant cockroaches (D:2)
  4 goblins
  6 hobgoblins
  4 jackals (D:1)
  2 quokkas
  8 ball pythons
  3 bats
  3 frilled lizards
  3 kobolds
  19 rats
104 creatures vanquished.

Vanquished Creatures (others)
  A scorpion (D:5)
  A water moccasin skeleton (D:4)
  A centaur zombie (D:6)
  7 jellies
  A human zombie (D:3)
  2 iguanas
  Natasha (twice) (D:4)
  A hound skeleton (D:4)
  6 adders
  A shadow imp (D:5)
  An ufetubus (D:5)
  2 dart slugs
  7 orcs
  4 ball pythons
  2 bats
  An endoplasm (D:4)
  2 giant cockroaches (D:4)
  3 goblins
  A hobgoblin (D:1)
  5 frilled lizards
  6 rats
57 creatures vanquished.

Grand Total: 161 creatures vanquished

Notes
Turn   | Place    | Note
-------+----------+-------------------------------------------
     0 | D:1      | boopmooplesden the Minotaur Gladiator began the quest for
                  | the Orb.
     0 | D:1      | Reached XP level 1. HP: 18/18 MP: 0/0
    81 | D:1      | Reached XP level 2. HP: 19/25 MP: 1/1
   342 | D:1      | Found a faded altar of an unknown god.
   350 | D:1      | Became a worshipper of Jiyva Jinnud the Shapeless
   350 | D:1      | Reached * piety under Jiyva
   564 | D:1      | Reached skill level 4 in Staves
   784 | D:2      | Reached ** piety under Jiyva
   902 | D:2      | Reached XP level 3. HP: 30/30 MP: 2/2
   985 | D:2      | Reached skill level 1 in Armour
  1060 | D:2      | Noticed Sigmund
  1080 | D:2      | Killed Sigmund
  1081 | D:2      | Reached skill level 5 in Staves
  1081 | D:2      | Reached XP level 4. HP: 8/38 MP: 3/3
  1081 | D:2      | Reached XP level 5. HP: 9/45 MP: 4/4
  2064 | D:3      | Found a white marble altar of Elyvilon.
  2103 | D:3      | Found a runed translucent door.
  2103 | D:3      | Noticed a human
  2107 | D:3      | Found a basalt altar of Yredelemnul.
  2701 | D:3      | Found a hazy altar of Hepliaklqana.
  2755 | D:4      | Noticed a phantom
  2773 | D:4      | Killed a phantom
  2774 | D:4      | Reached skill level 6 in Staves
  2774 | D:4      | Reached skill level 1 in Stealth
  2774 | D:4      | Reached XP level 6. HP: 15/51 MP: 5/5
  3022 | D:4      | Reached *** piety under Jiyva
  3135 | D:4      | Noticed Natasha
  3143 | D:4      | Killed Natasha
  3240 | D:4      | Killed Natasha
  3263 | D:4      | Killed Natasha
  3349 | D:4      | Found a glowing drain.
  3359 | Sewer    | Entered a sewer
  4061 | D:5      | Entered Level 5 of the Dungeon
  4271 | D:5      | Reached skill level 7 in Staves
  4271 | D:5      | Reached XP level 7. HP: 41/59 MP: 6/6
  4413 | D:5      | Gained mutation: You are covered in fur. (AC +1) [Jiyva's
                  | grace]
  4430 | D:5      | Reached **** piety under Jiyva
  4651 | D:5      | Noticed Edmund
  4659 | D:5      | Killed Edmund
  4848 | D:5      | Found a sparkling altar of Nemelex Xobeh.
  5136 | D:6      | Found a staircase to the Ecumenical Temple.
  5150 | D:6      | Reached skill level 5 in Dodging
  5337 | D:6      | Found a runed translucent gate.
  5338 | D:6      | Found a runed translucent gate.
  5339 | D:6      | Found a runed translucent gate.
  5339 | D:6      | Noticed tanglemaster's ghost (weakling TeDe)
  5340 | D:6      | Noticed a kobold demonologist
  5359 | D:6      | Reached skill level 8 in Staves
  5373 | D:6      | Killed tanglemaster's ghost
  5376 | D:6      | Lost mutation: You are covered in fur. (AC +1) [potion of
                  | mutation]
  5376 | D:6      | Gained mutation: You have sharp toenails. [potion of
                  | mutation]
  5376 | D:6      | Gained mutation: Your system is resistant to poisons.
                  | (rPois) [potion of mutation]
  5377 | D:6      | Noticed a ynoxinul
  5390 | D:6      | Noticed a chaos spawn
  5393 | D:6      | Killed a kobold demonologist
  5394 | D:6      | Reached XP level 8. HP: 15/67 MP: 7/7
  5400 | D:6      | Reached skill level 9 in Staves
  5402 | D:6      | HP: 3/100 [kobold brigand (3)]
  5403 | D:6      | Slain by a kobold brigand

Illustrated notes

Levels and vault maps discovered:
D:1:      saegor_arrival_simple_d, layout_basic,
          chequers_ecumenical_altar_simple
D:2:      layout_rooms, minivault_27, glass_columns_a, corner_web_ring,
          kennysheep_minor_cross, minmay_circle_x, uniq_sigmund
D:3:      layout_basic, elyvilon_altar_3, dk_yredelemnul_ordeal,
          nzn_hepliaklqana_mist_gate, minmay_misc_feat_five, fountainhead,
          kennysheep_generic_room_14
D:4:      layout_basic, gup_sewer_entry_glass,
          hangedman_abyss_or_decor_jellyfish_corner, minmay_stone_trees_small,
          uniq_natasha
D:5:      layout_loops_ring, amcnicky_altar_gilded, kennysheep_windowed_goal,
          uniq_edmund
D:6:      layout_basic, trog_wizard, minmay_temple_entry_mini_moons,
          gammafunk_ghost_nasty_kobolds, minmay_crystal_room

Skill      XL: |  1  2  3  4  5  6  7  8 |
---------------+-------------------------+-----
Staves         | 4 5 6 7 8 9 |  9.0
Dodging        | 4 5 |  5.2
Armour         | 2 3 4 |  4.6
Fighting       | 3 4 |  4.9
Stealth        | 1 2 |  2.6
Throwing       | |  2.2

Action                   |  1- 3 |  4- 6 |  7- 9 || total
-------------------------+-------+-------+-------++-------
Melee: Quarterstaff      |    59 |   114 |    93 ||   266
       Headbutt          |     8 |    16 |    11 ||    35
Throw: Throwing net      |     3 |       |     1 ||     4
Invok: Request Jelly     |       |     1 |     2 ||     3
  Use: Scroll            |       |     6 |       ||     6
       Potion            |       |       |     3 ||     3
 Stab: Sleeping          |       |     6 |       ||     6
       Held in net/web   |       |       |     1 ||     1
Armor: Leather armour    |    15 |    14 |     7 ||    36
       Skin              |       |       |    22 ||    22
Dodge: Dodged            |    32 |    75 |    32 ||   139
